AoeStats
← gatormill

Black Forest

510766396Analyzed
2v2 RM · 17h ago on Oct 2, 2026· 45m 28s· 4 players
Game mode
Random Map
Map size
Medium (4 player)
Population
200
Speed
Normal
Resources
Standard
Victory
Conquest
Starting age
Dark Age
Ending age
Imperial Age
RankedLock teamsTeams togetherTeam positionsShared explorationLock speedFull tech treeHidden civsTurbo modeCheats
Victory
Defeat
🇺🇸 Mongols · United States
541
+14
🇺🇸 Vikings · United States
507
+16
🇩🇪 Varangians · Germany
537
-16
🇦🇺 Japanese · Australia
466
-14
gatormill
10:49 Feudal Age
11:16 Double-Bit Axe
22:46 Castle Age
20:42 Horse Collar
21:34 Gold Mining
21:39 Stone Mining
24:20 Gold Shaft Mining
23:59 Bow Saw
24:12 Heavy Plow
30:20 Chieftains
34:48 Imperial Age
35:45 Heavy Scorpion
Al Gore Rhythm
0:28 Loom
11:18 Feudal Age
14:40 Wheelbarrow
17:00 Castle Age
16:16 Double-Bit Axe
16:58 Horse Collar
19:37 Bow Saw
22:04 Gold Mining
26:27 Gold Shaft Mining
25:55 Heavy Plow
30:14 Imperial Age
27:46 Fletching
27:56 Padded Archer Armor
28:27 Forging
28:18 Scale Mail Armor
28:51 Ballistics
30:12 Bodkin Arrow
30:53 Iron Casting
31:37 Conscription
31:18 Bracer
31:33 Leather Archer Armor
31:36 Chain Mail Armor
32:22 Drill
31:48 Capped Ram
31:52 Pikeman
32:29 Fishing Lines
33:09 Elite Mangudai
35:03 Hand Cart
35:53 Blast Furnace
35:33 Parthian Tactics
35:26 Thumb Ring
37:46 Siege Ram
40:01 Squires
40:32 Plate Mail Armor
40:45 Masonry
David1992
0:49 Loom
13:13 Feudal Age
19:12 Wheelbarrow
19:21 Wheelbarrow
21:32 Castle Age
20:03 Forging
26:29 Double-Bit Axe
26:38 Gold Mining
26:34 Horse Collar
31:26 Heavy Plow
31:19 Stone Mining
42:23 Imperial Age
42:01 Town Watch
42:07 Gambesons
42:30 Scale Mail Armor
42:45 Forging
GOG
8:29 Loom
16:04 Feudal Age
17:13 Horse Collar
20:45 Double-Bit Axe
23:29 Castle Age
25:29 Double-Bit Axe
27:31 Heavy Plow
27:36 Stone Mining
30:14 Bow Saw
31:10 Wheelbarrow
31:16 Wheelbarrow
37:57 Imperial Age
35:44 Hand Cart
40:05 Hand Cart
Connection lost

Rejoining the realm…

Still unreachable

The connection could not be restored.

Session expired

The server has moved on; the page needs a fresh start.